SAAA
ATHLETIC CLUB KC RESERVES @ TORTOLITA DRUMMERS
07/21/2029
 
TOP OF THE 1ST
Athletic Club KC Reserves batting - Pitching for Tortolita Drummers : RHP Robbie Betchley
Pitching: RHP Robbie Betchley
Batting: RHB Khal Drogo 0-0: Called Strike
0-1: Bunted foul
0-2: Strikes out swinging
Batting: RHB Tasuku Goto 0-0: Called Strike
0-1: Fly out, F9 (Flyball, 9S)
Batting: LHB Wu-shun Chu 0-0: Called Strike
0-1: Called Strike
0-2: Ball
1-2: Strikes out swinging
Top of the 1st over - 0 runs, 0 hits, 0 errors, 0 left on base; Athletic Club KC 0 - Tortolita 0
BOTTOM OF THE 1ST
Tortolita Drummers batting - Pitching for Athletic Club KC Reserves : RHP Álex Bane
Pitching: RHP Álex Bane
Batting: RHB Wei-quo Lam 0-0: Ground out 4-3 (Groundball, 4M)
Batting: RHB Jesús Martínez 0-0: Ball
1-0: Called Strike
1-1: Single, Error in OF, E7, batter to second base
Batting: SHB Roberto Mosca 0-0: SINGLE (Line Drive, 4MD)
Jesús Martínez to third
Batting: RHB Ricardo Pacheco 0-0: SINGLE (Groundball, 6MD)
Jesús Martínez scores
Roberto Mosca to second
Runner from 2nd tries for 3rd, SAFE, throw made to third
Ricardo Pacheco to second
Batting: LHB Tung Ji 0-0: Ball
1-0: Called Strike
1-1: Foul Ball, location: 2F
1-2: Ball
2-2: Ground out 6-3 (Groundball, 6)
Roberto Mosca scores
Ricardo Pacheco to third
Batting: RHB Jim Burch 0-0: Ball
1-0: Foul Ball, location: 2F
1-1: Swinging Strike
1-2: Ball
2-2: Foul Ball, location: 2F
2-2: Strikes out looking
Bottom of the 1st over - 2 runs, 3 hits, 1 error, 1 left on base; Athletic Club KC 0 - Tortolita 2
TOP OF THE 2ND
Athletic Club KC Reserves batting - Pitching for Tortolita Drummers : RHP Robbie Betchley
Batting: LHB Tsai Ng 0-0: Ball
1-0: Fly out, F7 (Flyball, 7S)
Batting: RHB Andrés Medina 0-0: Ball
1-0: Called Strike
1-1: Called Strike
1-2: Ball
2-2: Ground out 5-3 (Groundball, 5)
Batting: RHB Todd Blake 0-0: Ball
1-0: Fly out, F5 (Line Drive, 6)
Top of the 2nd over - 0 runs, 0 hits, 0 errors, 0 left on base; Athletic Club KC 0 - Tortolita 2
BOTTOM OF THE 2ND
Tortolita Drummers batting - Pitching for Athletic Club KC Reserves : RHP Álex Bane
Batting: LHB Steve Costillo 0-0: SINGLE (Line Drive, 5L)
Batting: RHB Sean Godron 0-0: Foul Ball, location: 2F
0-1: Called Strike
0-2: Ball
1-2: Fly out, F9 (Flyball, 9LS)
Batting: RHB Miguel Canales 0-0: Ball
1-0: Swinging Strike
1-1: Fly out, F8 (Flyball, 78D)
Batting: RHB Wei-quo Lam 0-0: Fly out, F8 (Flyball, 8LD)
Bottom of the 2nd over - 0 runs, 1 hit, 0 errors, 1 left on base; Athletic Club KC 0 - Tortolita 2
TOP OF THE 3RD
Athletic Club KC Reserves batting - Pitching for Tortolita Drummers : RHP Robbie Betchley
Batting: RHB Allen Williams 0-0: Ball
1-0: Fly out, F7 (Flyball, 7LS)
Batting: RHB Geoff Rivers 0-0: Fly out, F3 (Popup, 3SF)
Batting: RHB Tony Osorio 0-0: Ground out 3-1 (Groundball, 34)
Top of the 3rd over - 0 runs, 0 hits, 0 errors, 0 left on base; Athletic Club KC 0 - Tortolita 2
BOTTOM OF THE 3RD
Tortolita Drummers batting - Pitching for Athletic Club KC Reserves : RHP Álex Bane
Batting: RHB Jesús Martínez 0-0: Called Strike
0-1: Foul Ball, location: 2F
0-2: SINGLE (Line Drive, 34D)
Batting: SHB Roberto Mosca 0-0: Ball
Jesús Martínez steals 2nd base
1-0: Foul Ball, location: 2F
1-1: Foul Ball, location: 2F
1-2: Foul Ball, location: 2F
1-2: Strikes out swinging
Batting: RHB Ricardo Pacheco 0-0: Called Strike
0-1: Swinging Strike
0-2: Foul Ball, location: 2F
0-2: SINGLE (Flyball, 78M)
Jesús Martínez to third
Runner from 3rd tries for Home, SAFE, no throw
Batting: LHB Tung Ji 0-0: Called Strike
0-1: Ball
Ricardo Pacheco steals 2nd base
1-1: Called Strike
1-2: SINGLE (Line Drive, 4M)
Ricardo Pacheco to third
Batting: RHB Jim Burch 0-0: Called Strike
0-1: Ball
1-1: Fly out, F8 (Flyball, 8LM)
Runner from 3rd tags up, SCORES, throw made
Batting: LHB Steve Costillo 0-0: Called Strike
0-1: Ball
1-1: Foul Ball, location: 2F
1-2: Ball
2-2: Ball
3-2: Reached on error, E4 (Groundball, 4)
Tung Ji to second
Batting: RHB Sean Godron 0-0: Foul Ball, location: 2F
0-1: Ground out 4-3 (Groundball, 4)
Bottom of the 3rd over - 2 runs, 3 hits, 1 error, 2 left on base; Athletic Club KC 0 - Tortolita 4
TOP OF THE 4TH
Athletic Club KC Reserves batting - Pitching for Tortolita Drummers : RHP Robbie Betchley
Batting: RHB Khal Drogo 0-0: Called Strike
0-1: Swinging Strike
0-2: Ball
1-2: Foul Ball, location: 2F
1-2: Strikes out swinging
Batting: RHB Tasuku Goto 0-0: Fly out, F8 (Flyball, 78M)
Batting: LHB Wu-shun Chu 0-0: Ball
1-0: Fly out, F9 (Flyball, 9LMF)
Top of the 4th over - 0 runs, 0 hits, 0 errors, 0 left on base; Athletic Club KC 0 - Tortolita 4
BOTTOM OF THE 4TH
Tortolita Drummers batting - Pitching for Athletic Club KC Reserves : RHP Álex Bane
Batting: RHB Miguel Canales 0-0: Ball
1-0: Ball
2-0: Ball
3-0: Called Strike
3-1: Base on Balls
Batting: RHB Wei-quo Lam 0-0: Swinging Strike
0-1: Ball
1-1: Swinging Strike
1-2: Ball
2-2: Strikes out swinging
Batting: RHB Jesús Martínez 0-0: Fly out, F9 (Line Drive, 89D)
Batting: SHB Roberto Mosca 0-0: Foul Ball, location: 2F
0-1: Ball
1-1: Ball
2-1: Ground out 3-1 (Groundball, 34S)
Bottom of the 4th over - 0 runs, 0 hits, 0 errors, 1 left on base; Athletic Club KC 0 - Tortolita 4
TOP OF THE 5TH
Athletic Club KC Reserves batting - Pitching for Tortolita Drummers : RHP Robbie Betchley
Batting: LHB Tsai Ng 0-0: Called Strike
0-1: Ball
1-1: Called Strike
1-2: Ball
2-2: Ground out 4-3 (Groundball, 4)
Batting: RHB Andrés Medina 0-0: Ball
1-0: Called Strike
1-1: Ball
2-1: Fly out, F7 (Line Drive, 7)
Batting: RHB Todd Blake 0-0: Called Strike
0-1: Fly out, F6 (Line Drive, 6)
Top of the 5th over - 0 runs, 0 hits, 0 errors, 0 left on base; Athletic Club KC 0 - Tortolita 4
BOTTOM OF THE 5TH
Tortolita Drummers batting - Pitching for Athletic Club KC Reserves : RHP Álex Bane
Batting: RHB Ricardo Pacheco 0-0: Foul Ball, location: 2F
0-1: Ground out 6-3 (Groundball, 6)
Batting: LHB Tung Ji 0-0: Ground out 6-3 (Groundball, 6)
Batting: RHB Jim Burch 0-0: Ground out 1-3 (Groundball, P)
Bottom of the 5th over - 0 runs, 0 hits, 0 errors, 0 left on base; Athletic Club KC 0 - Tortolita 4
TOP OF THE 6TH
Athletic Club KC Reserves batting - Pitching for Tortolita Drummers : RHP Robbie Betchley
Batting: RHB Allen Williams 0-0: Called Strike
0-1: Ball
1-1: SINGLE (Groundball, 4MD)
Batting: RHB Geoff Rivers 0-0: Called Strike
0-1: SINGLE (Flyball, 7LM)
Allen Williams to second
Batting: RHB Tony Osorio 0-0: Called Strike
0-1: Ball
1-1: Bunt missed!
1-2: Foul Ball, location: 2F
1-2: Ball
2-2: Ball
3-2: Base on Balls
Allen Williams to third
Geoff Rivers to second
Batting: RHB Khal Drogo 0-0: Fielders Choice at 2nd, 6-4 (Groundball, 6M)
Allen Williams scores
Geoff Rivers to third
Batting: RHB Tasuku Goto 0-0: Grounds into double play, 6-4-3 (Groundball, 6M)
Top of the 6th over - 1 run, 2 hits, 0 errors, 1 left on base; Athletic Club KC 1 - Tortolita 4
BOTTOM OF THE 6TH
Tortolita Drummers batting - Pitching for Athletic Club KC Reserves : RHP Álex Bane
Batting: LHB Steve Costillo 0-0: Foul Ball, location: 2F
0-1: Swinging Strike
0-2: Strikes out swinging
Batting: RHB Sean Godron 0-0: Foul Ball, location: 2F
0-1: Ball
1-1: Fly out, F7 (Flyball, 78XD)
Batting: RHB Miguel Canales 0-0: Called Strike
0-1: Ball
1-1: Foul Ball, location: 2F
1-2: DOUBLE (Line Drive, 89D)
Batting: RHB Wei-quo Lam 0-0: Foul Ball, location: 2F
0-1: SINGLE (Line Drive, 78S)
Miguel Canales to third
Runner from 3rd tries for Home, SAFE, throw made home
Batting: RHB Jesús Martínez 0-0: Ball
1-0: Ball
2-0: Foul Ball, location: 2F
2-1: Fielders Choice at 2nd, 6-4 (Groundball, 6)
Bottom of the 6th over - 1 run, 2 hits, 0 errors, 1 left on base; Athletic Club KC 1 - Tortolita 5
TOP OF THE 7TH
Athletic Club KC Reserves batting - Pitching for Tortolita Drummers : RHP Robbie Betchley
Batting: LHB Wu-shun Chu 0-0: Called Strike
0-1: Fly out, F7 (Flyball, 7D)
Batting: LHB Tsai Ng 0-0: Called Strike
0-1: Ball
1-1: Ball
2-1: Ball
3-1: Fly out, F9 (Line Drive, 89M)
Batting: RHB Andrés Medina 0-0: Called Strike
0-1: Ball
1-1: Ball
2-1: Ball
3-1: Called Strike
3-2: Strikes out swinging
Top of the 7th over - 0 runs, 0 hits, 0 errors, 0 left on base; Athletic Club KC 1 - Tortolita 5
BOTTOM OF THE 7TH
Tortolita Drummers batting - Pitching for Athletic Club KC Reserves : RHP Álex Bane
Pitching: RHP Edgar Cruz
Batting: SHB Roberto Mosca 0-0: Ball
1-0: Foul Ball, location: 2F
1-1: Foul Ball, location: 2F
1-2: DOUBLE (Line Drive, 7LS)
Batting: RHB Ricardo Pacheco 0-0: Intentional Walk
Batting: LHB Tung Ji 0-0: Called Strike
0-1: TRIPLE (Line Drive, 8RXD)
Roberto Mosca scores
Ricardo Pacheco scores
Batting: RHB Jim Burch 0-0: Foul Ball, location: 2F
0-1: Ball
1-1: Foul Ball, location: 2F
1-2: Foul Ball, location: 2F
1-2: Strikes out swinging
Batting: LHB Steve Costillo 0-0: Called Strike
0-1: Swinging Strike
0-2: Fly out, F9 (Flyball, 89S)
Batting: RHB Sean Godron 0-0: Fly out, F7 (Flyball, 7)
Bottom of the 7th over - 2 runs, 2 hits, 0 errors, 1 left on base; Athletic Club KC 1 - Tortolita 7
TOP OF THE 8TH
Athletic Club KC Reserves batting - Pitching for Tortolita Drummers : RHP Robbie Betchley
Batting: RHB Todd Blake 0-0: Called Strike
0-1: Fly out, F9 (Flyball, 9LMF)
Batting: RHB Allen Williams 0-0: Called Strike
0-1: Ball
1-1: Ball
2-1: Foul Ball, location: 2F
2-2: Ground out 3-1 (Groundball, 34)
Batting: RHB Geoff Rivers 0-0: Called Strike
0-1: Ball
1-1: Foul Ball, location: 2F
1-2: Ball
2-2: Foul Ball, location: 2F
2-2: Fly out, F3 (Popup, 3SF)
Top of the 8th over - 0 runs, 0 hits, 0 errors, 0 left on base; Athletic Club KC 1 - Tortolita 7
BOTTOM OF THE 8TH
Tortolita Drummers batting - Pitching for Athletic Club KC Reserves : RHP Edgar Cruz
Batting: RHB Miguel Canales 0-0: Ball
1-0: Ground out 6-3 (Groundball, 6)
Batting: RHB Wei-quo Lam 0-0: Ball
1-0: Ball
2-0: Ball
3-0: Base on Balls
Batting: RHB Jesús Martínez 0-0: Called Strike
0-1: Ball
1-1: Fly out, F8 (Flyball, 8LD)
Batting: SHB Roberto Mosca 0-0: Ball
1-0: Swinging Strike
1-1: Called Strike
1-2: SINGLE (Groundball, 3D)
Wei-quo Lam to second
Runner from 2nd tries for 3rd, SAFE, no throw
Batting: RHB Ricardo Pacheco 0-0: Called Strike
0-1: Foul Ball, location: 2F
0-2: SINGLE (Groundball, 6MD)
Wei-quo Lam scores
Roberto Mosca to second
Runner from 2nd tries for 3rd, OUT!
Bottom of the 8th over - 1 run, 2 hits, 0 errors, 1 left on base; Athletic Club KC 1 - Tortolita 8
TOP OF THE 9TH
Athletic Club KC Reserves batting - Pitching for Tortolita Drummers : RHP Robbie Betchley
Batting: RHB Tony Osorio 0-0: Foul Ball, location: 2F
0-1: Foul Ball, location: 2F
0-2: Ball
1-2: Strikes out swinging
Batting: RHB Khal Drogo 0-0: Ball
1-0: Ground out 5-3 (Groundball, 56S)
Batting: RHB Tasuku Goto 0-0: Fly out, F8 (Flyball, 8RM)
Top of the 9th over - 0 runs, 0 hits, 0 errors, 0 left on base; Athletic Club KC 1 - Tortolita 8
Tuesday, December 19th, 2017 - OOTP Baseball 18.8 Build 76